Cogmind - Beta 12 @@@ ROGUE MODE // 2024.02.09 @ 10:05:18 Player: Dosh Result: Destroyed by Y-72 Warden with Quantum Rifle Performance ------------- Evolutions (6) 3000 Regions Visited (29) 5800 Robots Destroyed (406) 2030 Value Destroyed (15480) 15480 Prototype IDs (48) 960 Alien Tech Used (0) 0 Bonus (9039) 9039 TOTAL SCORE: 36309 Bonus ------- High Alert Combat Kills 2981 Follower Combat Kills 3448 Entered Garrisons 800 Used RIF Installer 2000 Network Hubs Disabled 200 Aligned with FarCom 300 Built Enhanced Grunts 300 A7 Reached Mainframe 300 Met R17 at Cetus 500 Friendly Fire -1790 Cogmind --------- Core Integrity 0/1150 Matter 300/300 Energy 99/100 System Corruption 0% Temperature Cool (9) Movement Core (50) Location -3/Proximity Caves Parts ------- > --- POWER (2) -------- (None) > --- PROPULSION (6) --- (None) > --- UTILITY (8) ------ Advanced Hacking Suite Improved System Shield > --- WEAPON (3) ------- (None) > --- INVENTORY (5) ---- Structural Scanner Long-range Terrain Scanner Advanced Drone Bay (1/2) Great Maul Peak State ------------ > --- POWER ------------ Light Antimatter Reactor Quantum Reactor > --- PROPULSION ------- Centrium Heavy Treads Centrium Heavy Treads Centrium Heavy Treads > --- UTILITY ---------- Advanced Heat Sink Medium Storage Unit Centrium Medium Armor Plating Advanced Powered Armor Advanced Hacking Suite Advanced Hacking Suite Advanced Hacking Suite Improved System Shield > --- WEAPON ----------- Railgun Advanced KE Penetrator Advanced KE Penetrator > --- INVENTORY -------- Light Angular Momentum Engine Gravmag Array Gravity Neutralizer Structural Scanner Seismic Detector Centrium Medium Armor Plating Centrium Medium Armor Plating Improved Force Field Power Sword [Rating: 144] Favorites ----------- Power Antimatter Reactor Engine Light Ion Engine Power Core Neutrino Core Reactor Antimatter Reactor Propulsion Light Treads Treads Light Treads Wheel Armored Huge Wheel Hover Unit Gravmag Array Flight Unit Surge Thruster Utility Advanced Hacking Suite Device Seismic Detector Storage High-capacity Storage Unit Processor Advanced Targeting Computer Hackware Advanced Hacking Suite Protection Centrium Medium Armor Plating Weapon Flak Gun Energy Gun Backup Laser III Energy Cannon Cooled Particle Cannon Ballistic Gun Flak Gun Ballistic Cannon Heavy Mass Driver Launcher Grenade Launcher Special Weapon Mining Laser Impact Weapon Heavy Mace Slashing Weapon Power Sword Piercing Weapon Lance Build | -11 -10 -10 -10 -9 -8 -8 -8 -7 -7 -7 -7 -7 -7 -6 -6 -6 -6 -5 -5 -5 -5 -5 -4 -4 -4 -4 -4 -4 -3 ------- Run | Jun Mat Min Exi Min Mat Gar Sto Fac Was Fac Gar Fac Gar Fac Was Fac Gar Fac Ext Cet Arc Hub Fac Was Fac Upp Upp War Pro Slots Evolved 12 | . . . . . 4 . . 2 . . . . . 2 . . . 2 . . . . 2 . . . . . . Power 1 | . . . . . . . . . . . . . . 1 . . . . . . . . . . . . . . . Propulsion 4 | . . . . . 1 . . 1 . . . . . . . . . . . . . . 2 . . . . . . Utility 6 | . . . . . 3 . . . . . . . . 1 . . . 2 . . . . . . . . . . . Weapon 1 | . . . . . . . . 1 . . . . . . . . . . . . . . . . . . . . . Parts Attached 324 | 7 8 1 6 7 26 21 30 13 9 4 1 1 12 13 4 . 14 38 25 8 6 3 48 3 6 4 4 1 1 Power 48 | 1 1 . 1 2 3 1 3 1 2 . . . . 3 1 . 2 8 7 1 . . 9 . . 1 1 . . Engine 21 | 1 1 . 1 2 2 1 3 . . . . . . 2 . . . 4 4 . . . . . . . . . . Core 15 | . . . . . 1 . . 1 . . . . . . . . 2 4 3 . . . 2 . . 1 1 . . Reactor 12 | . . . . . . . . . 2 . . . . 1 1 . . . . 1 . . 7 . . . . . . Propulsion 62 | 2 2 . . 1 7 3 5 2 2 . . . 3 . . . 4 11 9 2 . . 7 . 2 . . . . Treads 31 | 2 2 . . 1 7 3 5 . 2 . . . 3 . . . . . . 2 . . 4 . . . . . . Leg . | . . . . . . . . . . . . . . . . . . . . . . . . . . . . . . Wheel 2 | . . . . . . . . 2 . . . . . . . . . . . . . . . . . . . . . Hover 25 | . . . . . . . . . . . . . . . . . . 11 9 . . . 3 . 2 . . . . Flight 4 | . . . . . . . . . . . . . . . . . 4 . . . . . . . . . . . . Utility 115 | 2 1 . 2 1 8 6 5 8 3 1 1 1 5 7 1 . 4 13 5 2 4 3 23 2 3 . 3 . 1 Device 49 | 1 . . . 1 2 2 3 2 . 1 . 1 2 5 1 . 2 2 3 . 2 2 10 2 1 . 3 . 1 Storage 8 | 1 1 . 1 . 1 . . . . . . . . . . . . 1 . . . . 3 . . . . . . Processor 10 | . . . . . 2 1 . 1 . . 1 . . . . . . 4 . . . . . . 1 . . . . Hackware 10 | . . . . . . . . 1 . . . . 2 . . . 2 2 1 . 1 . . . 1 . . . . Protection 38 | . . . 1 . 3 3 2 4 3 . . . 1 2 . . . 4 1 2 1 1 10 . . . . . . Artifact . | . . . . . . . . . . . . . . . . . . . . . . . . . . . . . . Weapon 99 | 2 4 1 3 3 8 11 17 2 2 3 . . 4 3 2 . 4 6 4 3 2 . 9 1 1 3 . 1 . Energy Gun 11 | 1 . . . . 1 1 2 . . . . . 1 3 . . . . 2 . . . . . . . . . . Energy Cannon 9 | . . . . 1 . . . . 1 3 . . 2 . . . . . . . . . . 1 1 . . . . Ballistic Gun 43 | 1 3 . . 2 6 6 8 2 . . . . . . 1 . 1 . . 3 1 . 7 . . 2 . . . Ballistic Cannon 4 | . . . . . . . . . 1 . . . . . 1 . 1 . . . . . 1 . . . . . . Launcher 11 | . . 1 2 . . 1 4 . . . . . 1 . . . 1 . 1 . . . . . . . . . . Special Weapon 2 | . 1 . 1 . . . . . . . . . . . . . . . . . . . . . . . . . . Impact Weapon 8 | . . . . . 1 3 3 . . . . . . . . . . . . . . . . . . . . 1 . Slashing Weapon 10 | . . . . . . . . . . . . . . . . . 1 5 1 . 1 . 1 . . 1 . . . Piercing Weapon 1 | . . . . . . . . . . . . . . . . . . 1 . . . . . . . . . . . Special Melee Weapon . | . . . . . . . . . . . . . . . . . . . . . . . . . . . . . . Unidentified Prototypes 14 | . . . . . 2 . 2 . . 1 . . . . . . . 4 . 3 . . . . 2 . . . . Corrupted Parts 3 | . . . . . . . . . . . . . . . . . . . . 3 . . . . . . . . . System Corruption 12 | . . . . . . . . . . . . . . . . . . . . 12 . . . . . . . . . Parts Lost 102 | . 1 . . . 1 7 6 10 . . . . 2 4 3 . 13 10 10 . . 1 20 . 2 5 5 1 1 Power 18 | . . . . . . 1 1 . . . . . . 2 . . . 3 4 . . . 4 . 1 1 1 . . Propulsion 26 | . . . . . 1 2 1 1 . . . . 1 . . . 6 3 4 . . . 3 . 1 1 2 . . Utility 40 | . . . . . . 3 4 7 . . . . 1 2 2 . 3 2 1 . . . 9 . . 3 1 1 1 Weapon 18 | . 1 . . . . 1 . 2 . . . . . . 1 . 4 2 1 . . 1 4 . . . 1 . . Highest Loss Streak 6 | . 1 . . . 1 3 2 5 . . . . 1 2 3 . 6 3 5 . . 1 4 . 2 4 5 1 1 To Critical Strikes 1 | . . . . . . . . . . . . . . . . . 1 . . . . . . . . . . . . Average Slot Usage (%) 82 | . 99 100 92 94 98 95 96 78 61 69 76 76 74 75 49 66 63 80 70 82 87 87 76 68 71 63 47 21 12 Engine 4 | . 14 14 12 13 3 4 8 4 . . . . . 8 5 6 . 2 2 . . . . . . . . . . Core 2 | . . . . . 5 4 . 2 1 . . . . . . . 6 4 3 5 5 5 . 5 5 4 3 . . Reactor 2 | . . . . . . . . . 5 7 7 7 7 3 3 6 4 . . 4 5 5 7 5 3 . . . . Treads 16 | . 28 28 28 28 26 26 26 3 12 15 15 15 14 13 13 13 4 . . 9 11 11 13 . . . . . . Hover 2 | . . . . . . . . . . . . . . . . . . 14 16 1 . . . 15 15 12 8 . . Device 10 | . 14 14 12 6 13 13 20 10 . 2 7 7 5 14 1 6 4 5 5 11 10 5 10 21 17 11 8 8 2 Storage 7 | . 14 14 12 14 9 9 9 7 7 7 7 7 7 6 . . . 3 5 5 5 5 5 5 5 5 4 . . Processor 4 | . . . . . 11 9 3 2 . . 6 7 7 6 6 6 5 10 5 . . . . . 2 4 . . . Hackware 5 | . . . . . . . . . 7 7 . . 1 . . . 12 15 14 17 19 23 15 5 8 10 10 10 10 Protection 6 | . . . . 7 10 9 11 10 9 11 7 7 7 7 4 6 4 2 5 10 8 10 6 5 5 5 3 . . Energy Gun 1 | . 4 . . . . 3 4 . 2 . . . . 14 9 13 6 . 1 4 . . . . . . . . . Energy Cannon 2 | . . . . 2 . . . . 3 9 23 23 21 . . . . . . . . . . . 1 . . . . Ballistic Gun 8 | . 18 . . 15 17 13 10 21 3 . . . . . 1 6 2 . . 5 14 16 12 . . 3 4 . . Launcher 1 | . . 14 12 6 . . . . . . . . . . . . . . . . . . . . . . . . . Special Weapon 1 | . 5 14 12 . . . . . . . . . . . . . . . . . . . . . . . . . . Slashing Weapon 1 | . . . . . . . . . . . . . . . . . . 11 3 . 1 . . 5 5 4 3 . . Naked Turns . | . . . . . . . . . . . . . . . . . . . . . . . . . . . . . . Heaviest Build 110 | 13 28 28 28 39 69 74 75 70 110 110 94 94 99 107 87 32 83 48 52 85 85 85 85 48 54 35 39 6 11 Greatest Support 240 | 40 40 40 40 43 65 62 60 60 140 140 140 140 150 150 150 150 150 53 52 172 172 160 240 52 64 40 31 3 3 Greatest Overweight (x) 27 | . . . 1 . 1 1 1 2 1 . . . . . 3 . 27 4 2 . . . 2 . 1 1 1 1 3 Average Overweight (x) . | . . . . . . . . 1 . . . . . . . . . . . . . . . . . . . . . Largest Inventory Capacity 20 | 8 15 15 15 15 20 20 20 20 20 20 20 20 20 20 20 5 5 10 10 10 10 10 10 10 10 10 10 5 5 Average Capacity 14 | 7 13 15 13 15 18 20 20 20 20 20 20 20 20 20 5 5 5 8 10 10 10 10 10 10 10 10 9 5 5 Most Carried 20 | 3 11 11 15 15 20 20 20 20 20 20 20 20 20 20 18 5 5 10 10 10 10 10 10 10 10 10 10 5 5 Average Carried 13 | 2 7 11 12 13 17 18 19 19 19 19 18 20 17 18 5 5 4 7 8 9 9 10 9 9 9 9 7 4 4 Final Capacity 20 | 8 15 15 15 15 20 20 20 20 20 20 20 20 20 20 5 5 5 10 10 10 10 10 10 10 10 10 5 5 5 Final Carried 20 | 3 11 11 11 15 20 18 20 18 19 19 20 20 19 18 5 5 5 10 10 9 10 10 7 10 10 10 5 5 5 Class Distribution -------------------- 32% | Mutant 17% | Hacker-Mutant 15% | Scavenger-Mutant 10% | Tank 7% | Scavenger-Tank 6% | Hacker-Tank 6% | Gunner Dominant Class ---------------- Mutant | -10/Materials Scavenger-Mutant | -10/Mines Scavenger-Mutant | -10/Exiles Mutant | -9/Mines Mutant | -8/Materials Mutant | -8/Garrison Mutant | -8/Storage Tank | -7/Factory Tank | -7/Waste Tank | -7/Factory Gunner | -7/Garrison Gunner | -7/Factory Scavenger-Mutant | -7/Garrison Scavenger-Tank | -6/Factory Mutant | -6/Waste Scavenger-Gunner | -6/Factory Hacker-Gunner | -6/Garrison Hacker-Mutant | -5/Factory Hacker-Mutant | -5/Extension Hacker-Mutant | -5/Cetus Hacker-Tank | -5/Archives Hacker-Tank | -5/Hub_04(d) Scavenger-Tank | -4/Factory Mutant | -4/Waste Hacker-Mutant | -4/Factory Hacker-Mutant | -4/Upper Caves Hacker-Mutant | -4/Upper Caves Hacker-Mutant | -4/Warlord Hacker-Mutant | -3/Proximity Caves Resources | -11 -10 -10 -10 -9 -8 -8 -8 -7 -7 -7 -7 -7 -7 -6 -6 -6 -6 -5 -5 -5 -5 -5 -4 -4 -4 -4 -4 -4 -3 ----------- Run | Jun Mat Min Exi Min Mat Gar Sto Fac Was Fac Gar Fac Gar Fac Was Fac Gar Fac Ext Cet Arc Hub Fac Was Fac Upp Upp War Pro Matter Collected 10488 | 227 364 67 . 107 1078 854 946 1089 306 452 64 41 285 165 57 . 268 355 477 168 244 269 2278 125 26 127 39 2 8 Remotely . | . . . . . . . . . . . . . . . . . . . . . . . . . . . . . . Salvage Created 17352 | 117 752 125 . 70 1370 1124 1950 1026 298 531 788 281 1593 604 . . 417 1041 703 89 299 558 3492 . . 124 . . . Parts 852 | 6 59 12 . 5 76 71 92 49 3 22 49 9 51 18 . . 23 49 30 3 22 24 172 . . 7 . . . Haulers Intercepted 12 | . 1 . . . 3 . 3 . . 2 . . . . . . . 2 . . . . 1 . . . . . . Recyclers Shooed 9 | 1 . . . . . . . . . . . . . . . . . . 1 . . . 7 . . . . . . Parts Field Recycled . | . . . . . . . . . . . . . . . . . . . . . . . . . . . . . . Retrieved Matter . | . . . . . . . . . . . . . . . . . . . . . . . . . . . . . . Parts Self-Destructed 6 | . . . . . . . . . . . . . . . . . . . . . . . . . . 6 . . . Prevented . | . . . . . . . . . . . . . . . . . . . . . . . . . . . . . . Kills | -11 -10 -10 -10 -9 -8 -8 -8 -7 -7 -7 -7 -7 -7 -6 -6 -6 -6 -5 -5 -5 -5 -5 -4 -4 -4 -4 -4 -4 -3 ------- Run | Jun Mat Min Exi Min Mat Gar Sto Fac Was Fac Gar Fac Gar Fac Was Fac Gar Fac Ext Cet Arc Hub Fac Was Fac Upp Upp War Pro Combat Hostiles Destroyed 320 | . 20 5 . 2 36 31 35 28 . 11 20 5 28 10 . . 12 8 8 . 2 7 47 . . 5 . . . Melee 18 | . . . . . . . . 1 . . . . . . . . . 8 5 . . . 4 . . . . . . Guns 202 | . 19 . . . 36 28 21 27 . . . . . 8 . . 10 . 1 . 2 7 38 . . 5 . . . Cannons 65 | . 1 . . 1 . . . . . 11 19 4 22 . . . 2 . . . . . 5 . . . . . . AOE 31 | . . 5 . 1 . 3 14 . . . . . 5 1 . . . . 2 . . . . . . . . . . Classes Destroyed 19 | 2 6 1 . . 2 4 2 . . . . . . . . . 1 . . . . . 1 . . . . . . Worker 18 | . . . . . 1 . 2 . . 2 . . . . . . . 4 . . . 4 5 . . . . . . Builder 15 | . 3 1 . . . . 2 . . 1 . . . . . . . 1 1 . . 2 4 . . . . . . Tunneler 5 | 2 . . . . . . . . . . . . . . . . . 2 . . . . 1 . . . . . . Hauler 12 | . 1 . . . 3 . 3 . . 2 . . . . . . . 2 . . . . 1 . . . . . . Recycler 13 | 1 . 1 . . . . . 1 . . . . . . . . . 2 2 . . 1 5 . . . . . . Mechanic 4 | . . . . . . . 3 . . . . . . . . . . . . . . . 1 . . . . . . Operator 9 | . 2 . . . . . . . . . . . . . . . . . 1 . 4 1 1 . . . . . . Watcher 12 | . 2 . . . 5 . 2 . . . . . . . . . . . 1 1 . 1 . . . . . . . Swarmer 77 | . 9 3 . . 15 2 1 11 . . 11 . 3 . . . 3 4 . . . 5 5 . . 5 . . . Cutter 4 | . . . . . . . . . . . . . . . . . 4 . . . . . . . . . . . . Saboteur 1 | . . . . . . . . . . . . . . . . . . . . . . . 1 . . . . . . Grunt 121 | . 11 . . 2 16 7 20 4 . 8 4 4 12 5 . . 4 1 4 . . . 19 . . . . . . Brawler 11 | . . . . . . 1 4 . . . . . 2 2 . . . . 1 . . . 1 . . . . . . Duelist 6 | . . . . . . 2 . 1 . 1 . . . 1 . . . . . . . . 1 . . . . . . Protector 1 | . . . . . . . 1 . . . . . . . . . . . . . . . . . . . . . . Sentry 56 | . . . . . 5 11 10 2 . 1 4 1 11 1 . . . 1 3 . 2 2 2 . . . . . . Hunter 11 | . . . . . . 5 . . . 1 . . . . . . 1 . . . . . 4 . . . . . . Programmer 24 | . . . . . . 3 . 3 . . 1 . . 1 . . . 2 . . . . 14 . . . . . . Assembled 9 | . . 2 . . . . . 7 . . . . . . . . . . . . . . . . . . . . . Thug 5 | . . . . . 1 1 1 . . . . . . . . . 2 . . . . . . . . . . . . Butcher 1 | . . . . . . . . . . . . . . . . . . . . 1 . . . . . . . . . Best Kill Streak 11 | 3 5 4 . 2 6 5 11 6 . 5 8 4 9 3 . . 6 6 2 1 2 8 6 . . 5 . . . Combat Bots Only 9 | . 5 3 . 2 6 5 8 6 . 4 8 4 9 3 . . 6 6 2 . 1 5 6 . . 5 . . . Max Kills in Single Turn 6 | 1 2 2 . 1 2 2 4 2 . 1 2 1 2 1 . . 2 1 1 1 1 6 2 . . 1 . . . Gunslinging 1 | . 1 . . . . . . 1 . . . . . . . . 1 . . . . . 1 . . . . . . Exploded 3 | . . 1 . 1 . 1 3 . . . . . 2 1 . . . . 1 . . . . . . . . . . Melee 1 | . . . . . . . . 1 . . . . . . . . . 1 1 . . . 1 . . . . . . Uniques/NPCs Destroyed . | . . . . . . . . . . . . . . . . . . . . . . . . . . . . . . Combat | -11 -10 -10 -10 -9 -8 -8 -8 -7 -7 -7 -7 -7 -7 -6 -6 -6 -6 -5 -5 -5 -5 -5 -4 -4 -4 -4 -4 -4 -3 -------- Run | Jun Mat Min Exi Min Mat Gar Sto Fac Was Fac Gar Fac Gar Fac Was Fac Gar Fac Ext Cet Arc Hub Fac Was Fac Upp Upp War Pro Damage Taken 26811 | . 439 73 50 25 899 1922 1710 2152 . 623 1006 343 1908 1062 309 . 1478 1280 1018 91 300 1463 6883 . 313 568 410 181 305 Core 3096 | . 52 24 . . 123 177 175 312 . . 47 5 168 67 . . 186 297 139 . 21 130 579 . . 42 162 126 264 Absorbed by Shields 1871 | . . . . . 47 379 . . . . . . . 87 . . 138 . 76 15 . . 1129 . . . . . . Reduced by Siege Mode 569 | . . . . . . . . . . . 31 16 76 27 27 . . . . . 15 29 348 . . . . . . Redirected to Shielding 316 | . . . . . 14 . . 302 . . . . . . . . . . . . . . . . . . . . . Regen/Repaired (Parts) 5138 | . 57 . . . 290 . 269 . 510 635 697 283 204 . 184 . 309 . . . . . 1700 . . . . . . Core Remaining (%) 52 | 100 . . . 69 . . 13 . . . . . 24 . . . 70 . . . . 41 . . . . . . . Volleys Fired 958 | 8 61 12 10 3 78 70 95 106 20 33 34 12 101 20 3 . 40 . 28 13 14 24 164 . . 9 . . . Largest 3 | 2 2 1 1 2 2 2 2 3 2 3 3 3 3 3 3 . 3 . 1 2 3 3 3 . . 2 . . . Hottest 270 | 60 120 100 100 86 56 78 83 75 65 155 270 90 190 223 223 . 115 . 81 116 105 105 122 . . 70 . . . Shots Fired 2090 | 16 122 12 10 4 155 135 171 305 40 70 101 37 164 68 8 . 104 . 28 21 40 71 392 . . 16 . . . Gun 1586 | 16 112 . . . 155 132 161 305 40 . . . . 68 7 . 100 . 12 21 40 71 330 . . 16 . . . Cannon 435 | . . . . 3 . . . . . 70 101 37 157 . 1 . 4 . . . . . 62 . . . . . . Launcher 51 | . . 6 8 1 . 3 10 . . . . . 7 . . . . . 16 . . . . . . . . . . Special 18 | . 10 6 2 . . . . . . . . . . . . . . . . . . . . . . . . . . Kinetic 1387 | 8 80 . . . 155 116 108 305 20 31 . . . . 1 . 35 . . 9 40 71 392 . . 16 . . . Thermal 540 | . 10 6 2 . . . . . 20 39 101 37 157 68 7 . 69 . 12 12 . . . . . . . . . Explosive 47 | . . 6 8 1 . 3 6 . . . . . 7 . . . . . 16 . . . . . . . . . . Electromagnetic 116 | 8 32 . . 3 . 16 57 . . . . . . . . . . . . . . . . . . . . . . Robot Hit Streak 34 | 4 10 5 . 3 11 34 15 9 21 7 7 15 25 17 7 . 4 . 4 4 16 11 21 . . 9 . . . Robot Miss Streak 18 | 2 3 1 . 1 18 7 8 11 1 4 6 1 3 7 1 . 5 . 4 3 4 3 6 . . 1 . . . Penetration Max 1 | . . . . . . . 1 . . . . . . . . . 1 . . 1 . 1 1 . . . . . . Secondary Targets 30 | . 2 . . . 6 3 2 4 . . . . . . . . 2 . . . . 2 7 . . 2 . . . Max Gunslinging Chain 1 | . 1 . . . 1 1 1 1 . . . . . . . . 1 . . . . 1 1 . . 1 . . . Autonomous 20 | . . . . . . . . . . . . . . 15 1 . 4 . . . . . . . . . . . . Shots Hit Robots 1422 | 9 67 2 . 3 135 120 113 145 37 47 45 28 117 49 7 . 44 53 35 12 27 37 277 . . 13 . . . Core Hits 930 | 4 39 10 . 2 168 143 97 64 7 18 26 9 79 22 1 . 21 21 28 3 12 24 127 . . 5 . . . Critical Kills 22 | . . . . . . . 1 1 . . 1 1 . . . . . . . . . 3 15 . . . . . . Critical Parts Destroyed 30 | . . . . . . . 1 1 . . . . . . . . . . . . 1 5 21 . . 1 . . . Critical Strikes 80 | . 1 . . . . . 2 2 1 1 1 1 . 3 . . 1 4 3 1 3 11 44 . . 1 . . . Burn 5 | . . . . . . . . . . . . . . 3 . . . . 1 1 . . . . . . . . . Meltdown 2 | . . . . . . . . . . . 1 1 . . . . . . . . . . . . . . . . . Destroy 56 | . . . . . . . 2 2 1 . . . . . . . . . . . 3 11 36 . . 1 . . . Blast 10 | . . . . . . . . . . 1 . . . . . . 1 . . . . . 8 . . . . . . Corrupt 1 | . 1 . . . . . . . . . . . . . . . . . . . . . . . . . . . . Sever 3 | . . . . . . . . . . . . . . . . . . 1 2 . . . . . . . . . . Impale 3 | . . . . . . . . . . . . . . . . . . 3 . . . . . . . . . . . Melee Attacks 174 | . . . . . 1 3 24 . . . . . . . . . 11 86 36 . 5 . 1 . 1 . . 6 . Impact 34 | . . . . . 1 3 24 . . . . . . . . . . . . . . . . . . . . 6 . Slashing 88 | . . . . . . . . . . . . . . . . . 11 34 36 . 5 . 1 . 1 . . . . Piercing 52 | . . . . . . . . . . . . . . . . . . 52 . . . . . . . . . . . Sneak Attacks 23 | . . . . . . . . . . . . . . . . . . 13 5 . 5 . . . . . . . . Combat Hostiles . | . . . . . . . . . . . . . . . . . . . . . . . . . . . . . . Follow-up Attacks 11 | . . . . . . . . . . . . . . . . . . 11 . . . . . . . . . . . Damage Inflicted 46346 | 133 1008 332 . 149 2466 3274 5112 2721 608 2471 1667 728 4095 1379 193 . 1063 2694 2352 400 1289 1808 10020 . 11 373 . . . Guns 24234 | 101 939 . . . 2435 2748 2531 2668 608 . . . . 1265 113 . 811 . 120 400 755 1043 7324 . . 373 . . . Cannons 10097 | . . . . 48 . . . . . 2451 1667 728 3348 . 80 . 252 . . . . . 1523 . . . . . . Explosions 6801 | 32 . 316 . 101 18 526 2507 . . . . . 747 114 . . . . 813 . . 731 896 . . . . . . Melee 4608 | . . . . . . . . . . . . . . . . . . 2694 1380 . 534 . . . . . . . . Ramming 556 | . 19 16 . . 13 . 74 53 . 20 . . . . . . . . 39 . . 34 277 . 11 . . . . Kinetic 24180 | 37 672 . . . 2435 2457 1764 2668 348 1774 . . . . 80 . 716 . . 211 755 1043 8847 . . 373 . . . Thermal 9354 | 32 50 . . 42 . . 196 . 260 677 1667 728 3348 1379 113 . 347 . 120 189 . . 206 . . . . . . Explosive 5252 | . . 316 . 59 . 526 2101 . . . . . 747 . . . . . 813 . . . 690 . . . . . . Electromagnetic 2396 | 64 267 . . 48 18 291 977 . . . . . . . . . . . . . . 731 . . . . . . . Impact . | . . . . . . . . . . . . . . . . . . . . . . . . . . . . . . Slashing 3144 | . . . . . . . . . . . . . . . . . . 1230 1380 . 534 . . . . . . . . Piercing 1464 | . . . . . . . . . . . . . . . . . . 1464 . . . . . . . . . . . Highest Corruption 26 | . . . . . . 1 13 7 7 9 9 10 10 3 3 3 3 . 5 12 12 6 24 24 24 26 26 26 . Average Corruption 8 | . . . . . . 1 7 3 7 8 9 9 10 2 3 3 3 . 4 10 9 4 11 24 24 24 26 26 . Corruption Purged 17 | . . . . . . . . . . . . . . . . . . . 5 . 12 . . . . . . . . Corruption Blocked . | . . . . . . . . . . . . . . . . . . . . . . . . . . . . . . Effects 448 | . . . . . . 9 63 11 22 43 25 20 53 2 9 . 22 . 14 14 10 1 88 6 12 9 13 2 . Message Errors 100 | . . . . . . 1 16 1 7 10 6 5 16 . 3 . 6 . 2 2 1 1 15 2 2 1 3 . . Matter Fused 102 | . . . . . . 3 21 3 4 11 6 4 9 . 2 . 3 . 5 3 3 . 20 1 . 2 2 . . Heat Flow Errors 45 | . . . . . . 1 7 . 3 2 2 2 7 . . . . . 2 3 1 . 9 1 1 2 2 . . Energy Discharges 44 | . . . . . . 1 5 1 4 5 2 3 4 . 1 . 2 . 2 2 . . 7 1 1 1 2 . . Parts Rejected 4 | . . . . . . . . . . . . . 1 . . . . . . . . . 1 . 1 . 1 . . Parts Fused 5 | . . . . . . . 1 . . 1 1 . . . 1 . . . . . . . 1 . . . . . . Data Loss (minor) 65 | . . . . . . 2 4 . 3 7 5 3 12 1 1 . 1 . 1 . 1 . 18 1 2 1 2 . . Data Loss (major) 22 | . . . . . . . 3 1 . 1 1 . 1 . . . 4 . 1 1 . . 7 . 2 . . . . Misfires 14 | . . . . . . . 2 1 . 2 . 2 . 1 . . 2 . . 1 . . 3 . . . . . . Alerts 19 | . . . . . . 1 . 1 1 3 1 . 1 . . . 3 . 1 2 2 . . . 1 . . 2 . Misdirections 6 | . . . . . . . 1 . . . . . . . . . . . . . . . 2 . 2 . 1 . . Weapon Failures 22 | . . . . . . . 3 3 . 1 1 1 2 . 1 . 1 . . . 2 . 5 . . 2 . . . Overload Shots 13 | . . . . . . . . . . . 9 . 4 . . . . . . . . . . . . . . . . Overflow Damage 1291 | . . 4 . 12 . 1 93 . . 231 75 8 24 12 . . 84 364 94 . 116 17 155 . 1 . . . . Projectiles 457 | . . . . . . . . . . 231 75 8 24 . . . 84 . . . . . 35 . . . . . . Explosions 259 | . . 4 . 12 . 1 93 . . . . . . 12 . . . . . . . 17 120 . . . . . . Melee 575 | . . . . . . . . . . . . . . . . . . 364 94 . 116 . . . 1 . . . . Knockbacks 28 | . . . . . . . 1 . . 4 . . . . . . . . . . . . 23 . . . . . . Impact 3 | . . . . . . . 1 . . . . . . . . . . . . . . . 2 . . . . . . Kinetic 23 | . . . . . . . . . . 4 . . . . . . . . . . . . 19 . . . . . . Secondary 2 | . . . . . . . . . . . . . . . . . . . . . . . 2 . . . . . . Self-Inflicted Damage 673 | . . 24 . 5 . 82 126 24 . . . . 50 243 . . . . 19 . . 95 . . 5 . . . . Shots 16 | . . 1 . 1 . 3 4 . . . . . 2 4 . . . . . . . 1 . . . . . . . Rammed 88 | . 8 6 . . 2 . 10 9 . 1 . . . . . . . . 3 . . 5 43 . 1 . . . . Targets Rammed 94 | . 8 6 . . 3 . 10 9 . 1 . . . . . . . . 3 . . 5 48 . 1 . . . . Kicked . | . . . . . . . . . . . . . . . . . . . . . . . . . . . . . . Crushed 6 | . . . . . 1 . . . . . . . . . . . . . . . . . 5 . . . . . . Highest Temperature 455 | . 120 60 20 96 72 219 258 356 283 399 264 204 446 428 90 . 233 8 340 210 286 455 237 158 281 230 261 365 . Average Temperature 100 | . 32 23 10 49 18 17 94 128 138 105 105 64 142 176 51 . 79 8 151 67 110 177 57 93 189 117 101 199 . Received Heat Transfer 5627 | . 132 20 20 12 358 300 783 204 . 312 129 237 672 240 . . 249 189 321 . 27 153 1124 . 27 . 82 18 18 Effects 18 | . . . . . . . . 2 . 3 . . 5 4 . . . . 1 . . 3 . . . . . . . Shutdowns 8 | . . . . . . . . . . 1 . . 3 1 . . . . 1 . . 2 . . . . . . . Energy Bleed 5 | . . . . . . . . 2 . 1 . . 1 1 . . . . . . . . . . . . . . . Matter Decay 2 | . . . . . . . . . . . . . . 1 . . . . . . . 1 . . . . . . . Short Circuit 1 | . . . . . . . . . . . . . . 1 . . . . . . . . . . . . . . . Damage (minor) 2 | . . . . . . . . . . 1 . . 1 . . . . . . . . . . . . . . . . Siege Activations 30 | . . . . . . . . . . . 5 1 5 2 1 . . . . . 1 1 14 . . . . . . Total Turns 547 | . . . . . . . . . . . 32 32 145 32 5 . . . . . 45 28 228 . . . . . . Longest Duration 57 | . . . . . . . . . . . 10 32 57 27 5 . . . . . 45 28 35 . . . . . . Robots Corrupted 1 | . . . . . . . 1 . . . . . . . . . . . . . . . . . . . . . . Combat Hostiles . | . . . . . . . . . . . . . . . . . . . . . . . . . . . . . . Parts Fried 9 | . . . . . . 1 5 . . . . . . . . . . . . . . 3 . . . . . . . Impact Corruptions 1 | . . . . . . . . . . . . . . . . . . . . . . . . . 1 . . . . Robots Melted 4 | . . . . . . . . . . . 1 1 1 1 . . . . . . . . . . . . . . . Combat Hostiles 4 | . . . . . . . . . . . 1 1 1 1 . . . . . . . . . . . . . . . Parts Melted 28 | . . . . . . . . . . 1 4 2 8 10 . . 1 . 1 1 . . . . . . . . . Heat Transferred 14231 | . 100 . . 50 . . 200 . 740 1146 2100 962 4673 2271 248 . 980 . 259 352 . . 150 . . . . . . Parts Sabotaged 3 | . . . . . . . . . . . . . . . . . . . . . . . 3 . . . . . . Parts Stolen . | . . . . . . . . . . . . . . . . . . . . . . . . . . . . . . Parts Stripped . | . . . . . . . . . . . . . . . . . . . . . . . . . . . . . . Power Chain Reactions 5 | 1 . . . 1 . . 3 . . . . . . . . . . . . . . . . . . . . . . Missiles Intercepted . | . . . . . . . . . . . . . . . . . . . . . . . . . . . . . . Alert | -11 -10 -10 -10 -9 -8 -8 -8 -7 -7 -7 -7 -7 -7 -6 -6 -6 -6 -5 -5 -5 -5 -5 -4 -4 -4 -4 -4 -4 -3 ------- Run | Jun Mat Min Exi Min Mat Gar Sto Fac Was Fac Gar Fac Gar Fac Was Fac Gar Fac Ext Cet Arc Hub Fac Was Fac Upp Upp War Pro Peak Influence 1249 | 15 338 150 . 52 397 997 1036 733 213 962 1169 644 1249 911 287 60 1078 597 560 452 249 608 952 333 253 . . . . Initial 673 | . 9 66 . . . 100 485 471 213 . 673 613 285 655 270 60 42 557 212 72 108 15 295 333 233 . . . . Average 392 | 5 203 39 . 10 162 617 462 532 84 520 1006 578 841 806 219 60 741 372 342 212 195 142 414 333 231 . . . . Maximum Alert Level 4 | . 1 . . . 1 3 3 3 1 3 4 2 4 3 1 . 3 2 2 2 1 2 3 1 1 . . . . Low Security (%) 27 | 100 32 100 . 100 57 6 . . 91 24 . . . . 26 100 2 22 18 55 29 84 . . . . . . . Level 1 30 | . 67 . . . 42 28 40 6 8 3 . 7 5 . 73 . 8 26 33 41 70 9 61 100 100 . . . . Level 2 24 | . . . . . . 24 51 91 . 30 6 92 24 16 . . 19 50 48 3 . 6 26 . . . . . . Level 3 15 | . . . . . . 40 8 2 . 41 61 . 51 83 . . 70 . . . . . 12 . . . . . . Level 4 1 | . . . . . . . . . . . 31 . 18 . . . . . . . . . . . . . . . . Level 5 . | . . . . . . . . . . . . . . . . . . . . . . . . . . . . . . High Security . | . . . . . . . . . . . . . . . . . . . . . . . . . . . . . . Max Security . | . . . . . . . . . . . . . . . . . . . . . . . . . . . . . . Squads Dispatched 80 | . 5 . . 1 5 . 8 17 . 10 . 1 . 4 . . . 8 2 . . 1 16 . 2 . . . . Investigation 33 | . 4 . . 1 3 . 4 7 . 2 . . . 1 . . . 5 1 . . . 5 . . . . . . Extermination 13 | . . . . . . . . 3 . 1 . . . 1 . . . 1 . . . 1 6 . . . . . . Reinforcement 19 | . 1 . . . 2 . 2 4 . 1 . . . 1 . . . 2 1 . . . 3 . 2 . . . . Assault 7 | . . . . . . . 2 . . 2 . . . 1 . . . . . . . . 2 . . . . . . Garrison 8 | . . . . . . . . 3 . 4 . 1 . . . . . . . . . . . . . . . . . Intercept . | . . . . . . . . . . . . . . . . . . . . . . . . . . . . . . Searches Triggered 1 | . . . . . . . . . . . . . . . . . . 1 . . . . . . . . . . . Construction Impeded 3 | . . . . . . . . . . . . . . . . . . . . . . . 3 . . . . . . Haulers Reinforced 2 | . . . . . . . . . . . . . . . . . . 2 . . . . . . . . . . . Active Scanning Responses . | . . . . . . . . . . . . . . . . . . . . . . . . . . . . . . Cargo Convoy Interrupts . | . . . . . . . . . . . . . . . . . . . . . . . . . . . . . . Stealth | -11 -10 -10 -10 -9 -8 -8 -8 -7 -7 -7 -7 -7 -7 -6 -6 -6 -6 -5 -5 -5 -5 -5 -4 -4 -4 -4 -4 -4 -3 --------- Run | Jun Mat Min Exi Min Mat Gar Sto Fac Was Fac Gar Fac Gar Fac Was Fac Gar Fac Ext Cet Arc Hub Fac Was Fac Upp Upp War Pro Distress Signals 28 | . . . . . 6 3 4 4 . 2 . . . . . . . 1 2 3 . . 3 . . . . . . Communications Jammed 43 | . . . . . . . . . . . . . . . . . . . . . . . 43 . . . . . . Distress Signals 38 | . . . . . . . . . . . . . . . . . . . . . . . 38 . . . . . . Times Spotted 599 | . 31 3 3 2 59 41 49 48 2 36 20 6 29 17 5 . 36 33 24 17 7 18 80 . 7 8 7 3 8 Peak Tracking Total 13 | . 5 3 9 2 6 7 9 6 1 5 5 3 7 5 5 . 8 7 4 7 1 7 8 . 6 5 8 3 13 Tactical Retreats 56 | . 2 . . . 3 3 . 3 . . 1 . 2 1 1 . 8 11 1 . . 4 10 . 1 1 3 . 1 Traps | -11 -10 -10 -10 -9 -8 -8 -8 -7 -7 -7 -7 -7 -7 -6 -6 -6 -6 -5 -5 -5 -5 -5 -4 -4 -4 -4 -4 -4 -3 ------- Run | Jun Mat Min Exi Min Mat Gar Sto Fac Was Fac Gar Fac Gar Fac Was Fac Gar Fac Ext Cet Arc Hub Fac Was Fac Upp Upp War Pro Traps Triggered 36 | . . . . . 1 6 2 5 . 3 1 1 3 3 . . 5 2 . . . . 3 . . . . 1 . Indirectly 1 | . . . . . . . 1 . . . . . . . . . . . . . . . . . . . . . . Trap Hack Attempts . | . . . . . . . . . . . . . . . . . . . . . . . . . . . . . . Triggered . | . . . . . . . . . . . . . . . . . . . . . . . . . . . . . . Disarmed . | . . . . . . . . . . . . . . . . . . . . . . . . . . . . . . Reprogrammed . | . . . . . . . . . . . . . . . . . . . . . . . . . . . . . . Reused . | . . . . . . . . . . . . . . . . . . . . . . . . . . . . . . Traps Extracted . | . . . . . . . . . . . . . . . . . . . . . . . . . . . . . . Installed . | . . . . . . . . . . . . . . . . . . . . . . . . . . . . . . Triggered 2 | . . . . . . . 1 . . . . . . . . . . . . . . . . . . . 1 . . Machines | -11 -10 -10 -10 -9 -8 -8 -8 -7 -7 -7 -7 -7 -7 -6 -6 -6 -6 -5 -5 -5 -5 -5 -4 -4 -4 -4 -4 -4 -3 ---------- Run | Jun Mat Min Exi Min Mat Gar Sto Fac Was Fac Gar Fac Gar Fac Was Fac Gar Fac Ext Cet Arc Hub Fac Was Fac Upp Upp War Pro Machines Disabled 77 | . . . 4 . 2 . 14 1 . 5 1 1 2 4 . . . . 2 1 3 20 17 . . . . . . Max in Single Turn 13 | . . . 1 . 2 . 2 1 . 1 1 1 1 4 . . . . 1 1 1 13 4 . . . . . . Garrison Access 3 | . . . . . . . . . . 1 . . . . . . . 1 . . . 1 . . . . . . . Garrison Relay 1 | . . . . . . . . . . . . . 1 . . . . . . . . . . . . . . . . Network Hub 1 | . . . . . . . . . . . . . . . . . . . . . . 1 . . . . . . . Machines Repaired . | . . . . . . . . . . . . . . . . . . . . . . . . . . . . . . Machines Sabotaged . | . . . . . . . . . . . . . . . . . . . . . . . . . . . . . . Overloaded Fab Kills . | . . . . . . . . . . . . . . . . . . . . . . . . . . . . . . Hacking | -11 -10 -10 -10 -9 -8 -8 -8 -7 -7 -7 -7 -7 -7 -6 -6 -6 -6 -5 -5 -5 -5 -5 -4 -4 -4 -4 -4 -4 -3 --------- Run | Jun Mat Min Exi Min Mat Gar Sto Fac Was Fac Gar Fac Gar Fac Was Fac Gar Fac Ext Cet Arc Hub Fac Was Fac Upp Upp War Pro Machines Accessed 107 | . 10 . 2 1 12 4 13 5 . 8 . 2 2 1 . 1 3 12 15 1 . 5 8 . 2 . . . . Terminals 68 | . 7 . . . 9 4 9 . . 4 . 1 2 1 . . 3 6 13 1 . 4 3 . 1 . . . . Fabricators 12 | . . . . . . . . 5 . 1 . . . . . . . 3 . . . . 3 . . . . . . Repair Stations 8 | . 1 . . . 1 . 2 . . 2 . . . . . . . . . . . . 2 . . . . . . Recycling Units 8 | . 2 . . . . . 2 . . . . . . . . . . 1 2 . . . . . 1 . . . . Scanalyzers 2 | . . . . . 1 . . . . . . . . . . . . 1 . . . . . . . . . . . Garrison Access 6 | . . . . . 1 . . . . 1 . 1 . . . 1 . 1 . . . 1 . . . . . . . Total Hacks 331 | . 33 . 2 1 43 9 32 14 . 24 . 3 3 2 . 1 6 38 32 1 . 18 64 . 5 . . . . Successful 202 | . 22 . 2 1 29 4 17 9 . 11 . 2 2 . . 1 3 28 25 1 . 15 30 . . . . . . Failed 128 | . 10 . . . 14 5 15 5 . 13 . 1 1 2 . . 3 10 7 . . 3 34 . 5 . . . . Catastrophic 22 | . 1 . . . 3 1 4 1 . . . 1 1 . . . . 1 . . . 1 6 . 2 . . . . Database Lockouts 1 | . 1 . . . . . . . . . . . . . . . . . . . . . . . . . . . . Manual 103 | . 20 . 1 . 16 1 4 . . 7 . 1 . 2 . . 1 7 7 1 . 10 24 . 1 . . . . Terminals 202 | . 27 . . . 28 9 21 . . 14 . 2 3 2 . . 6 18 30 1 . 17 23 . 1 . . . . Fabricators 47 | . . . . . . . . 14 . 3 . . . . . . . 9 . . . . 21 . . . . . . Repair Stations 43 | . 4 . . . 7 . 6 . . 6 . . . . . . . . . . . . 20 . . . . . . Recycling Units 14 | . 2 . . . . . 5 . . . . . . . . . . 1 2 . . . . . 4 . . . . Scanalyzers 16 | . . . . . 7 . . . . . . . . . . . . 9 . . . . . . . . . . . Garrison Access 6 | . . . . . 1 . . . . 1 . 1 . . . 1 . 1 . . . 1 . . . . . . . Terminal Hacks 98 | . 13 . 2 1 13 4 7 . . 3 . 1 2 . . . 2 9 22 1 . 10 8 . . . . . . Record 3 | . 1 . 1 . . . . . . . . . . . . . . . 1 . . . . . . . . . . Part Schematic 1 | . . . . . . . . . . . . . . . . . . 1 . . . . . . . . . . . Robot Analysis 11 | . 3 . . . 6 . . . . . . . . . . . . . . . . 2 . . . . . . . Prototype ID Bank 7 | . 5 . . . . . . . . . . . . . . . . . 2 . . . . . . . . . . Open Door 13 | . . . . 1 . 1 2 . . . . . 1 . . . . 1 6 1 . . . . . . . . . Level Access Points 2 | . . . . . . . . . . . . . . . . . . . . . . 1 1 . . . . . . Branch Access Points 1 | . . . . . . . . . . . . . . . . . . 1 . . . . . . . . . . . Emergency Access Points 4 | . . . . . . 1 . . . . . . . . . . 1 . . . . 2 . . . . . . . Machine Index 1 | . . . . . . . . . . . . . . . . . . 1 . . . . . . . . . . . Terminal Index 4 | . . . . . . . . . . 1 . . . . . . . 1 1 . . . 1 . . . . . . Fabricator Index 1 | . . . . . . . . . . . . . . . . . . 1 . . . . . . . . . . . Repair Station Index 1 | . . . . . . . . . . 1 . . . . . . . . . . . . . . . . . . . Alert Level 5 | . . . . . 2 . 1 . . . . . . . . . . 1 1 . . . . . . . . . . Unreport Threat 17 | . . . . . 3 . 2 . . . . 1 . . . . . 1 4 . . 2 4 . . . . . . Locate Traps 6 | . 2 . . . 1 . . . . 1 . . . . . . . . 2 . . . . . . . . . . Security Status 2 | . . . . . . . . . . . . . . . . . . . 2 . . . . . . . . . . Recall Investigation 1 | . . . . . . . 1 . . . . . . . . . . . . . . . . . . . . . . Recall Extermination 2 | . . . . . . . . . . . . . . . . . . . . . . 1 1 . . . . . . Recall Reinforcements 1 | . . . . . . . . . . . . . . . . . . . . . . . 1 . . . . . . Hauler Manifests 5 | . 1 . . . 1 . 1 . . . . . . . . . . 1 1 . . . . . . . . . . Registered Components 1 | . 1 . . . . . . . . . . . . . . . . . . . . . . . . . . . . Zone Layout 4 | . . . . . . . . . . . . . . . . . . . 2 . . 2 . . . . . . . Garrison Registry 2 | . . . . . . 1 . . . . . . 1 . . . . . . . . . . . . . . . . Patrol Navigation 1 | . . . . . . 1 . . . . . . . . . . . . . . . . . . . . . . . Security Stations 1 | . . . . . . . . . . . . . . . . . 1 . . . . . . . . . . . . EX-Prototype ID Bank 1 | . . . 1 . . . . . . . . . . . . . . . . . . . . . . . . . . Fabricator Hacks 22 | . . . . . . . . 9 . 1 . . . . . . . 6 . . . . 6 . . . . . . Network Status 3 | . . . . . . . . 1 . 1 . . . . . . . . . . . . 1 . . . . . . Load Schematic 10 | . . . . . . . . 4 . . . . . . . . . 3 . . . . 3 . . . . . . Build 9 | . . . . . . . . 4 . . . . . . . . . 3 . . . . 2 . . . . . . Repair Station Hacks 31 | . 3 . . . 6 . 6 . . 4 . . . . . . . . . . . . 12 . . . . . . Scan Component 17 | . 2 . . . 3 . 3 . . 2 . . . . . . . . . . . . 7 . . . . . . Repair 14 | . 1 . . . 3 . 3 . . 2 . . . . . . . . . . . . 5 . . . . . . Recycling Unit Hacks 5 | . . . . . . . 2 . . . . . . . . . . 1 2 . . . . . . . . . . Report Inventory 1 | . . . . . . . 1 . . . . . . . . . . . . . . . . . . . . . . Retrieve Components 4 | . . . . . . . 1 . . . . . . . . . . 1 2 . . . . . . . . . . Scanalyzer 15 | . . . . . 6 . . . . . . . . . . . . 9 . . . . . . . . . . . Insert Component 8 | . . . . . 3 . . . . . . . . . . . . 5 . . . . . . . . . . . Analyze 7 | . . . . . 3 . . . . . . . . . . . . 4 . . . . . . . . . . . Garrison Access Hacks 6 | . . . . . 1 . . . . 1 . 1 . . . 1 . 1 . . . 1 . . . . . . . Unlock Access 4 | . . . . . 1 . . . . 1 . 1 . . . 1 . . . . . . . . . . . . . Seal Access 2 | . . . . . . . . . . . . . . . . . . 1 . . . 1 . . . . . . . Unauthorized Hacks 25 | . 6 . . . 3 . 2 . . 2 . . . . . . 1 2 1 . . 4 4 . . . . . . Terminals 17 | . 4 . . . 3 . 1 . . 2 . . . . . . 1 . 1 . . 4 1 . . . . . . Track 2 | . . . . . . . . . . . . . . . . . . . . . . 2 . . . . . . . Botnet 11 | . 3 . . . 2 . 1 . . 2 . . . . . . . . 1 . . 1 1 . . . . . . Disrupt 1 | . . . . . 1 . . . . . . . . . . . . . . . . . . . . . . . . Operators 2 | . 1 . . . . . . . . . . . . . . . . . . . . 1 . . . . . . . Search 1 | . . . . . . . . . . . . . . . . . 1 . . . . . . . . . . . . Fabricators 5 | . . . . . . . . . . . . . . . . . . 2 . . . . 3 . . . . . . Prioritize 2 | . . . . . . . . . . . . . . . . . . . . . . . 2 . . . . . . Liberate 3 | . . . . . . . . . . . . . . . . . . 2 . . . . 1 . . . . . . Repair Stations . | . . . . . . . . . . . . . . . . . . . . . . . . . . . . . . Recycling Units 3 | . 2 . . . . . 1 . . . . . . . . . . . . . . . . . . . . . . Reject 1 | . . . . . . . 1 . . . . . . . . . . . . . . . . . . . . . . Tunnel 2 | . 2 . . . . . . . . . . . . . . . . . . . . . . . . . . . . Scanalyzers . | . . . . . . . . . . . . . . . . . . . . . . . . . . . . . . Garrison Access . | . . . . . . . . . . . . . . . . . . . . . . . . . . . . . . Data Cores Recovered 4 | . 1 . . . . . . . . 1 . . . . . . . . 1 . . 1 . . . . . . . Used 2 | . 1 . . . . . . . . . . . . . . . . . 1 . . . . . . . . . . Hacking Detections 80 | . 7 . . . 11 3 12 5 . 6 . 1 1 1 . 1 2 11 6 . . 3 8 . 2 . . . . Full Trace Events 31 | . 4 . . . 2 . 5 5 . 2 . . 1 1 . . 1 5 1 . . . 4 . . . . . . Feedback Events 2 | . . . . . . . 1 . . . . . . 1 . . . . . . . . . . . . . . . Corruption 2 | . . . . . . . 1 . . . . . . 1 . . . . . . . . . . . . . . . Feedback Blocked . | . . . . . . . . . . . . . . . . . . . . . . . . . . . . . . Robot Schematics Acquired . | . . . . . . . . . . . . . . . . . . . . . . . . . . . . . . Robots Built . | . . . . . . . . . . . . . . . . . . . . . . . . . . . . . . Authchips . | . . . . . . . . . . . . . . . . . . . . . . . . . . . . . . Time . | . . . . . . . . . . . . . . . . . . . . . . . . . . . . . . Total Robot Build Rating . | . . . . . . . . . . . . . . . . . . . . . . . . . . . . . . Part Schematics Acquired 8 | . . . . . 3 . . . . . . . . . . . . 5 . . . . . . . . . . . Parts Built 10 | . . . . . . . . 5 . . . . . . . . . 3 . . . . 2 . . . . . . Authchips . | . . . . . . . . . . . . . . . . . . . . . . . . . . . . . . Time 504 | . . . . . . . . 305 . . . . . . . . . 153 . . . . 46 . . . . . . Total Part Build Rating 46 | . . . . . . . . 15 . . . . . . . . . 21 . . . . 10 . . . . . . Parts Repaired 14 | . 1 . . . 3 . 3 . . 2 . . . . . . . . . . . . 5 . . . . . . Time 825 | . 26 . . . 120 . 138 . . 56 . . . . . . . . . . . . 485 . . . . . . Parts Recycled . | . . . . . . . . . . . . . . . . . . . . . . . . . . . . . . Recycled Matter . | . . . . . . . . . . . . . . . . . . . . . . . . . . . . . . Retrieved Matter . | . . . . . . . . . . . . . . . . . . . . . . . . . . . . . . Retrieved Components 28 | . . . . . . . 9 . . . . . . . . . . 8 11 . . . . . . . . . . Parts Scanalyzed 7 | . . . . . 3 . . . . . . . . . . . . 4 . . . . . . . . . . . Part Schematics Acquired 7 | . . . . . 3 . . . . . . . . . . . . 4 . . . . . . . . . . . Parts Damaged . | . . . . . . . . . . . . . . . . . . . . . . . . . . . . . . Bothacking | -11 -10 -10 -10 -9 -8 -8 -8 -7 -7 -7 -7 -7 -7 -6 -6 -6 -6 -5 -5 -5 -5 -5 -4 -4 -4 -4 -4 -4 -3 ------------ Run | Jun Mat Min Exi Min Mat Gar Sto Fac Was Fac Gar Fac Gar Fac Was Fac Gar Fac Ext Cet Arc Hub Fac Was Fac Upp Upp War Pro Used RIF Installer 4 | . . . . . . 1 . . . . 1 . 1 . . . 1 . . . . . . . . . . . . Command Fork 1 | . . . . . . . . . . . 1 . . . . . . . . . . . . . . . . . . Watcher Feeds 1 | . . . . . . . . . . . . . 1 . . . . . . . . . . . . . . . . Alert ID Control 1 | . . . . . . . . . . . . . . . . . 1 . . . . . . . . . . . . Robots Hacked . | . . . . . . . . . . . . . . . . . . . . . . . . . . . . . . Non-combat . | . . . . . . . . . . . . . . . . . . . . . . . . . . . . . . Combat . | . . . . . . . . . . . . . . . . . . . . . . . . . . . . . . Robot Hacks Applied . | . . . . . . . . . . . . . . . . . . . . . . . . . . . . . . Relay Couplers Released 9 | . . . . . . . . . . 2 . . 5 . . . . . . . . 2 . . . . . . . Machine Destruction 9 | . . . . . . . . . . 2 . . 5 . . . . . . . . 2 . . . . . . . Attached 3 | . . . . . . . . . . . . . 2 . . . . 1 . . . . . . . . . . . Fabnet Peak Effective % . | . . . . . . . . . . . . . . . . . . . . . . . . . . . . . . Robots Rewired 15 | . . . . . . 6 . . . . . . 2 . . . . . 7 . . . . . . . . . . Allies Hacked . | . . . . . . . . . . . . . . . . . . . . . . . . . . . . . . Hacks Repelled . | . . . . . . . . . . . . . . . . . . . . . . . . . . . . . . Allies | -11 -10 -10 -10 -9 -8 -8 -8 -7 -7 -7 -7 -7 -7 -6 -6 -6 -6 -5 -5 -5 -5 -5 -4 -4 -4 -4 -4 -4 -3 -------- Run | Jun Mat Min Exi Min Mat Gar Sto Fac Was Fac Gar Fac Gar Fac Was Fac Gar Fac Ext Cet Arc Hub Fac Was Fac Upp Upp War Pro Total Allies 73 | . . . . . . 6 2 3 20 . . . 2 . 19 . . . 16 5 . . . . . . . . . Largest Group 20 | . . . . . . 4 4 3 20 19 3 2 2 . 19 16 16 . 13 13 4 . . . . . . . . Highest-Rated Group 702 | . . . . . . 62 62 93 499 468 80 53 53 . 702 626 626 . 507 672 412 . . . . . . . . Highest-Rated Ally 159 | . . . . . . 31 31 31 35 35 27 27 27 . 50 50 50 . 159 153 131 . . . . . . . . Total Orders 11 | . . . . . . . . 4 . . . . . . . . . . . . . . . . 2 1 2 . 2 EXPLORE 11 | . . . . . . . . 4 . . . . . . . . . . . . . . . . 2 1 2 . 2 Ally Attacks 721 | . . . . . . 13 29 30 29 182 . . 8 . 110 . 63 . 134 99 24 . . . . . . . . Total Damage 17753 | . . . . . . 272 612 483 497 3296 . . 214 . 3633 . 2039 . 2549 3239 919 . . . . . . . . Kills 101 | . . . . . . 2 4 3 2 28 . . 2 . 9 . 17 . 16 16 2 . . . . . . . . Allies Corrupted 1 | . . . . . . . . . . 1 . . . . . . . . . . . . . . . . . . . Allies Melted 3 | . . . . . . . . . . 1 . . . . . . . . 2 . . . . . . . . . . Intel | -11 -10 -10 -10 -9 -8 -8 -8 -7 -7 -7 -7 -7 -7 -6 -6 -6 -6 -5 -5 -5 -5 -5 -4 -4 -4 -4 -4 -4 -3 ------- Run | Jun Mat Min Exi Min Mat Gar Sto Fac Was Fac Gar Fac Gar Fac Was Fac Gar Fac Ext Cet Arc Hub Fac Was Fac Upp Upp War Pro Robot Analysis Total 11 | . 3 . . . 6 . . . . . . . . . . . . . . . . 2 . . . . . . . Derelict Logs Recovered 5 | . . 1 . 2 . . . . . . . . . . . . . . . . . . . . . 2 . . . Drone Launches 13 | . . . . . . . . 4 . . . . . . . . . . . . . . . . 4 1 2 . 2 Drone Recoveries 7 | . . . . . . . . 3 . . . . . . . . . . . . . . . . 1 . 2 . 1 Exploration | -11 -10 -10 -10 -9 -8 -8 -8 -7 -7 -7 -7 -7 -7 -6 -6 -6 -6 -5 -5 -5 -5 -5 -4 -4 -4 -4 -4 -4 -3 ------------- Run | Jun Mat Min Exi Min Mat Gar Sto Fac Was Fac Gar Fac Gar Fac Was Fac Gar Fac Ext Cet Arc Hub Fac Was Fac Upp Upp War Pro Turns Passed 27262 | 126 1702 1312 642 650 2579 1585 2397 1211 933 1184 650 473 1274 524 545 31 1038 1681 1228 500 483 697 2889 132 169 199 223 81 124 Spaces Moved 15802 | 59 841 791 426 392 998 533 752 707 529 625 296 260 569 260 379 18 696 2226 1209 248 173 366 1076 242 270 272 269 112 208 Core 823 | 4 . . 85 . . . . . . . . . . . 193 . 71 83 . . . . . . . . 67 112 208 Treads 9394 | 55 841 791 341 392 998 533 752 64 462 625 296 260 569 260 186 18 249 . . 215 173 366 948 . . . . . . Legs . | . . . . . . . . . . . . . . . . . . . . . . . . . . . . . . Wheels 710 | . . . . . . . . 643 67 . . . . . . . . . . . . . . . . . . . . Hover 4499 | . . . . . . . . . . . . . . . . . . 2143 1209 33 . . 128 242 270 272 202 . . Flight 376 | . . . . . . . . . . . . . . . . . 376 . . . . . . . . . . . . Fastest Speed 26 | 50 160 160 50 160 155 158 160 115 115 160 160 160 160 160 50 160 26 40 38 52 160 160 52 52 48 56 50 50 50 Average Speed 131 | 152 160 160 140 160 214 226 237 126 154 160 160 160 160 160 110 160 120 53 61 145 160 160 149 52 52 56 72 54 54 Slowest Speed 1400 | 160 160 160 160 160 241 245 243 243 160 160 160 160 160 160 200 160 1400 250 196 160 160 160 240 52 106 110 120 100 200 Overloaded Moves 43 | . . . . . . . . . . . . . . . . . 43 . . . . . . . . . . . . Propulsion Burnouts 1 | . . . . . . . . . . . . . . . . . 1 . . . . . . . . . . . . Robots Hopped . | . . . . . . . . . . . . . . . . . . . . . . . . . . . . . . Cave-ins Triggered 1 | . . . . . . . 1 . . . . . . . . . . . . . . . . . . . . . . Exploration Rate (%) 53 | 5 94 99 69 96 68 63 95 30 95 17 42 9 42 5 91 1 63 32 87 72 95 25 26 96 9 71 43 20 48 Regions Visited 29 Branch Regions 12 Pre-discovered Areas 3 | . 2 . 1 . . . . . . . . . . . . . . . . . . . . . . . . . . Known Exits Taken 7 | . . . . . 1 . 1 . . 1 . 1 . . . 1 . 1 . . . 1 . . . . . . . Unknown Exits Taken 12 | 1 1 1 1 1 . . . . . . . . . . . . . . 1 1 1 . . . 1 1 1 1 . Scrap Searched 10 | . . 1 . 3 . . . . . . . . . . . . . . . . . . . . . 3 2 . 1 Spaces Dug 54 | . 7 6 . . 1 1 9 . . . . . . . . . . 16 2 . . 3 3 . . . . 6 . Terrain Destroyed 916 | 4 7 35 29 2 1 10 100 . . 5 4 3 78 54 . . 6 16 138 3 7 210 192 . . 6 . 6 . Melee 33 | . . . . . 1 1 6 . . . . . . . . . . 16 2 . . . 1 . . . . 6 . Projectile 231 | . 7 6 . . . . 35 . . 5 4 3 . 8 . . 6 . . 3 7 39 102 . . 6 . . . AOE 652 | 4 . 29 29 2 . 9 59 . . . . . 78 46 . . . . 136 . . 171 89 . . . . . . Terrain Rammed . | . . . . . . . . . . . . . . . . . . . . . . . . . . . . . . Walls Destroyed . | . . . . . . . . . . . . . . . . . . . . . . . . . . . . . . Machines Disabled . | . . . . . . . . . . . . . . . . . . . . . . . . . . . . . . Actions | -11 -10 -10 -10 -9 -8 -8 -8 -7 -7 -7 -7 -7 -7 -6 -6 -6 -6 -5 -5 -5 -5 -5 -4 -4 -4 -4 -4 -4 -3 --------- Run | Jun Mat Min Exi Min Mat Gar Sto Fac Was Fac Gar Fac Gar Fac Was Fac Gar Fac Ext Cet Arc Hub Fac Was Fac Upp Upp War Pro Total 20155 | 76 1048 809 458 409 1273 769 1134 910 618 730 397 289 788 323 501 20 790 2593 1609 374 338 420 2002 248 293 299 299 119 219 Wait 2382 | . 122 . . 3 132 39 205 53 43 57 59 16 83 28 108 2 11 235 249 88 139 21 643 . 10 10 17 . 9 Move 15779 | 58 840 790 425 391 998 532 751 707 528 625 295 260 567 260 378 18 695 2225 1208 247 172 365 1076 241 269 271 268 111 208 Hop . | . . . . . . . . . . . . . . . . . . . . . . . . . . . . . . Pick Up 104 | 3 7 . 9 2 16 3 5 4 6 5 4 . 1 . 2 . 2 13 4 4 . . 7 . 2 2 3 . . Fast Attach 165 | 7 1 . 4 3 8 5 11 5 6 2 . . 8 7 4 . 10 23 12 6 3 2 28 3 4 . 3 . . Attach 70 | . 1 . . 1 3 6 7 4 . 2 . . 3 4 . . 3 7 10 . . . 11 . 1 4 1 1 1 Detach 55 | . . . . 2 1 3 4 2 2 2 . . 6 1 2 . 1 6 8 2 1 . 3 3 1 2 1 1 1 Swap 89 | . 6 1 2 3 15 10 12 4 3 . 1 1 1 2 . . 1 8 3 2 3 1 9 . 1 . . . . Drop 135 | . 2 . 7 1 18 4 10 8 10 3 3 . 6 1 4 . 7 10 3 12 1 2 12 1 3 1 6 . . Fire 958 | 8 61 12 10 3 78 70 95 106 20 33 34 12 101 20 3 . 40 . 28 13 14 24 164 . . 9 . . . Melee 154 | . . . . . 1 3 24 . . . . . . . . . 11 66 36 . 5 . 1 . 1 . . 6 . Ram 14 | . . . . . . . . 9 . . . . . . . . . . 3 . . . 1 . 1 . . . . Kick . | . . . . . . . . . . . . . . . . . . . . . . . . . . . . . . Crush 80 | . 8 6 . . 3 . 10 . . 1 . . . . . . . . . . . 5 47 . . . . . . Escape Stasis 28 | . . . . . . 10 . 8 . . 1 . . . . . 9 . . . . . . . . . . . . Rewire 142 | . . . 1 . . 84 . . . . . . 12 . . . . . 45 . . . . . . . . . . Trap . | . . . . . . . . . . . . . . . . . . . . . . . . . . . . . . Miscellaneous . | . . . . . . . . . . . . . . . . . . . . . . . . . . . . . . Route ------- -11/Junkyard -10/Materials (discovered 5 exits: [*Mat x3] / [*Min x2]) -10/Mines (discovered 3 exits: [*Mat x2] / *Exi) -10/Exiles -9/Mines (discovered 2 exits: *Mat x2) -8/Materials (discovered 6 exits: *Fac x3 / *Sto x2 / Gar) -8/Garrison (discovered 3 exits: *Sto x3) -8/Storage (discovered 2 exits: *Fac / [*Rec]) -7/Factory -7/Waste -7/Factory (discovered 2 exits: *Fac / Gar) -7/Garrison (discovered 2 exits: *Fac x2) -7/Factory -7/Garrison (discovered 3 exits: *Fac x3) -6/Factory -6/Waste -6/Factory -6/Garrison -5/Factory (discovered 4 exits: *Upp x2 / *Ext x2) -5/Extension (discovered 2 exits: *Fac / *Cet) -5/Cetus (discovered 2 exits: *Fac / [*Arc]) -5/Archives (discovered 3 exits: *Fac / *Hub x2) -5/Hub_04(d) (discovered 4 exits: *Fac x4) -4/Factory (discovered 4 exits: Res x4) -4/Waste -4/Factory -4/Upper Caves -4/Upper Caves -4/Warlord -3/Proximity Caves History --------- Turn | Location | Event 5 | -11/Junkyard | Discovered new exit (range 15) 127 | -11/Junkyard | Entered Materials 204 | -10/Materials | Discovered new exit (range 6) 281 | -10/Materials | Discovered new exit (range 16) 311 | -10/Materials | Build established: Mutant 355 | -10/Materials | Central database locked down 728 | -10/Materials | Discovered new exit (range 6) 910 | -10/Materials | Discovered new exit (range 16) 1358 | -10/Materials | Discovered new exit (range 15) 1444 | -10/Materials | Build established: Scavenger-Mutant 1595 | -10/Materials | Repaired Assault Rifle 1829 | -10/Materials | Entered Mines 1860 | -10/Mines | Met a Derelict bent on vengeance 2254 | -10/Mines | Assembled infested the area 2445 | -10/Mines | Discovered new exit (range 7) 2637 | -10/Mines | Discovered new exit (range 9) 2638 | -10/Mines | Learned 4 Materials zone layouts 3133 | -10/Mines | Deemed a non-threat by the Exiles lab entrance 3134 | -10/Mines | Discovered new exit (range 5) 3141 | -10/Mines | Entered Exiles 3181 | -10/Exiles | Met 8R-AWN 3207 | -10/Exiles | Met EX-HEX 3303 | -10/Exiles | Met EX-DEC 3329 | -10/Exiles | Learned location of Zion (-7) 3358 | -10/Exiles | Met EX-BIN 3380 | -10/Exiles | Aligned with FarCom system 3382 | -10/Exiles | Given EX-Vault access code 3419 | -10/Exiles | Opened EX-Vault 3430 | -10/Exiles | Found AWS/Autocannon 3464 | -10/Exiles | Warned to stay clear of 0b10 Research branches 3568 | -10/Exiles | Discovered new exit (range 10) 3745 | -10/Exiles | Attacked by the Exiles 3783 | -10/Exiles | Left Exiles lab with AWS/Autocannon 3783 | -10/Exiles | Entered Mines 3893 | -9/Mines | Learned Materials stockpile data 3986 | -9/Mines | Build established: Mutant 4023 | -9/Mines | Discovered new exit (range 7) 4041 | -9/Mines | Met a Derelict shopkeep closing up shop 4175 | -9/Mines | Found a hidden stash of uninstalled traps 4287 | -9/Mines | Discovered new exit (range 9) 4433 | -9/Mines | Entered Materials 4433 | -8/Materials | Evolved 4 slots: Propulsion x1, Utility x3 4434 | -8/Materials | Identified exit to Storage 4435 | -8/Materials | Identified exit to Factory 5067 | -8/Materials | Discovered exit to Factory (range 6) 6230 | -8/Materials | Discovered exit to Factory (range 13) 6451 | -8/Materials | Repaired Hrd. Medium Armor Plating 6496 | -8/Materials | Repaired Kinecellerator 6535 | -8/Materials | Repaired Adv. Treads 6613 | -8/Materials | Discovered exit to Storage (range 14) 7012 | -8/Materials | Identified exit to Garrison 7012 | -8/Materials | Entered Garrison 7084 | -8/Garrison | Triggered checkpoint 7714 | -8/Garrison | Triggered checkpoint 7740 | -8/Garrison | Triggered checkpoint 7806 | -8/Garrison | Core integrity fell below 50% 7856 | -8/Garrison | Lost 3 parts (1p2u) 7934 | -8/Garrison | Triggered checkpoint 8162 | -8/Garrison | Installed Relay Interface Framework 8215 | -8/Garrison | Discovered exit to Storage (range 11) 8436 | -8/Garrison | Build established: Commander-Mutant 8438 | -8/Garrison | Triggered checkpoint 8490 | -8/Garrison | Discovered exit to Storage (range 7) 8490 | -8/Garrison | Discovered exit to Storage (range 57) 8490 | -8/Garrison | Discovered exit to Storage (range 53) 8597 | -8/Garrison | Entered Storage 8597 | -8/Storage | Accompanied by 4 allies 9001 | -8/Storage | Build established: Mutant 9095 | -8/Storage | Found Prototype Launcher 9095 | -8/Storage | Identified Gui. Missile Launcher 9450 | -8/Storage | Crushed by falling debris 9450 | -8/Storage | System corruption reached 10% 9457 | -8/Storage | Discovered new exit (range 3) 9959 | -8/Storage | Repaired Smartbomb Launcher 10004 | -8/Storage | Repaired Med. Reflective Plating 10653 | -8/Storage | Core integrity fell below 20% 10740 | -8/Storage | Discovered exit to Factory (range 16) 10750 | -8/Storage | Met a pair of Derelict thieves 10816 | -8/Storage | Destroyed 8 combat bots 10974 | -8/Storage | Repaired Deuterium Engine 10994 | -8/Storage | Entered Factory 10994 | -7/Factory | Evolved 2 slots: Propulsion x1, Weapon x1 11103 | -7/Factory | Discovered new exit (range 17) 11382 | -7/Factory | Build established: Tank 11428 | -7/Factory | Fabricated Enh. Autogun? 11471 | -7/Factory | Fabricated Enh. Autogun? 11533 | -7/Factory | Fabricated Enh. Autogun? 11613 | -7/Factory | Allied Derelicts emerged from ambush trap array 11631 | -7/Factory | Garrison activated, responded to threat 11689 | -7/Factory | Fabricated Imp. Weapon Shielding? 11886 | -7/Factory | Assembled infested ambush trap array 12188 | -7/Factory | Lost 5 parts (1n3u1w) 12205 | -7/Factory | Sucked down chute 12205 | -7/Factory | Entered Waste 12206 | -7/Waste | Joined by Warlord forces that had cleared the area 12280 | -7/Waste | A Compactor rumbled back to life 12280 | -7/Waste | Allies destroyed C-40 Crusher 12370 | -7/Waste | A Compactor rumbled back to life 12374 | -7/Waste | Allies destroyed C-40 Crusher 12399 | -7/Waste | Discovered new exit (range 15) 12444 | -7/Waste | Found Unknown Protection 12444 | -7/Waste | Identified Imp. Powered Armor 12465 | -7/Waste | Build established: Mutant 12641 | -7/Waste | Found Hvy. Insulated Plating 12730 | -7/Waste | Found Broken Imp. Powered Armor 12885 | -7/Waste | Build established: Tank 13138 | -7/Waste | Entered Factory 13138 | -7/Factory | Accompanied by 19 allies 13419 | -7/Factory | Garrison activated, responded to threat 13719 | -7/Factory | Discovered new exit (range 5) 13778 | -7/Factory | Repaired Hvy. Treads 13824 | -7/Factory | Repaired Imp. Powered Armor 13938 | -7/Factory | First assault squad dispatched 13942 | -7/Factory | Garrison activated, responded to threat 14322 | -7/Factory | Identified exit to Garrison 14322 | -7/Factory | Entered Garrison 14322 | -7/Garrison | Accompanied by 3 allies 14434 | -7/Garrison | Triggered checkpoint 14448 | -7/Garrison | Triggered checkpoint 14461 | -7/Garrison | Core integrity fell below 50% 14517 | -7/Garrison | Triggered checkpoint 14548 | -7/Garrison | Destroyed 8 combat bots 14556 | -7/Garrison | Triggered checkpoint 14602 | -7/Garrison | Discovered new exit (range 12) 14615 | -7/Garrison | Expanded RIF knowledge: Command Fork 14693 | -7/Garrison | Build established: Gunner 14939 | -7/Garrison | Discovered new exit (range 15) 14972 | -7/Garrison | Entered Factory 14972 | -7/Factory | Accompanied by 2 allies 15013 | -7/Factory | System corruption reached 10% 15384 | -7/Factory | Garrison activated, responded to threat 15445 | -7/Factory | Identified exit to Garrison 15445 | -7/Factory | Entered Garrison 15445 | -7/Garrison | Accompanied by 2 allies 15814 | -7/Garrison | Triggered checkpoint 16044 | -7/Garrison | Triggered checkpoint 16222 | -7/Garrison | Destroyed 9 combat bots 16246 | -7/Garrison | Triggered checkpoint 16311 | -7/Garrison | Discovered new exit (range 11) 16346 | -7/Garrison | Triggered checkpoint 16400 | -7/Garrison | Discovered new exit (range 93) 16400 | -7/Garrison | Discovered new exit (range 78) 16400 | -7/Garrison | Discovered new exit (range 16) 16450 | -7/Garrison | Expanded RIF knowledge: Watcher Feeds 16488 | -7/Garrison | Garrison Relay disabled 16719 | -7/Garrison | Entered Factory 16719 | -6/Factory | Evolved 2 slots: Power x1, Utility x1 16779 | -6/Factory | Discovered new exit (range 7) 17069 | -6/Factory | First assault squad dispatched 17243 | -6/Factory | Sucked down chute 17243 | -6/Factory | Entered Waste 17256 | -6/Waste | Spotted C-40 Crusher 17256 | -6/Waste | Spotted C-40 Crusher 17264 | -6/Waste | Crushed by Compactor (1 part destroyed, 2 dropped) 17267 | -6/Waste | Crushed by Compactor (1 part destroyed, 1 dropped) 17270 | -6/Waste | Crushed by Compactor (1 part destroyed, 1 dropped) 17273 | -6/Waste | Crushed by Compactor (0 parts destroyed, 1 dropped) 17274 | -6/Waste | Spotted C-40 Crusher 17274 | -6/Waste | Spotted C-40 Crusher 17290 | -6/Waste | Crushed by Compactor (0 parts destroyed, 1 dropped) 17301 | -6/Waste | Lost 3 parts (2u1w) 17312 | -6/Waste | Spotted C-40 Crusher 17376 | -6/Waste | Warlord forces began an assault 17382 | -6/Waste | Allies destroyed C-40 Crusher 17402 | -6/Waste | Allies destroyed C-40 Crusher 17407 | -6/Waste | Allies destroyed C-40 Crusher 17463 | -6/Waste | Allies destroyed C-40 Crusher 17507 | -6/Waste | Discovered new exit (range 12) 17528 | -6/Waste | Spotted C-40 Crusher 17537 | -6/Waste | Allies destroyed C-40 Crusher 17575 | -6/Waste | Build established: Mutant 17788 | -6/Waste | Entered Factory 17788 | -6/Factory | Accompanied by 16 allies 17817 | -6/Factory | Identified exit to Garrison 17819 | -6/Factory | Entered Garrison 17819 | -6/Garrison | Accompanied by 16 allies 18058 | -6/Garrison | Triggered checkpoint 18291 | -6/Garrison | Lost 3 parts (2u1w) 18291 | -6/Garrison | Learned Factory security intel 18297 | -6/Garrison | Discovered new exit (range 12) 18383 | -6/Garrison | Lost 3 parts (1n2w) 18622 | -6/Garrison | Triggered checkpoint 18710 | -6/Garrison | Triggered checkpoint 18762 | -6/Garrison | Triggered checkpoint 18800 | -6/Garrison | Expanded RIF knowledge: Alert ID Control 18841 | -6/Garrison | Lost 6 parts (4n1u1w) 18857 | -6/Garrison | Entered Factory 18857 | -5/Factory | Evolved 2 slots: Utility x2 18903 | -5/Factory | Discovered new exit (range 15) 19141 | -5/Factory | Build established: Hacker-Mutant 20219 | -5/Factory | Lost 3 parts (1p1n1u) 20357 | -5/Factory | Search patrols dispatched 20406 | -5/Factory | Identified exit to Upper Caves 20406 | -5/Factory | Identified exit to Extension 20433 | -5/Factory | Fabricated Gravmag Array? 20448 | -5/Factory | Fabricated Adv. Powered Armor (x1) 20528 | -5/Factory | Fabricated Adv. Powered Armor (x1) 20538 | -5/Factory | Entered Extension 20595 | -5/Extension | Lost 5 parts (3p1n1u) 20793 | -5/Extension | Rescued a captive Derelict 20821 | -5/Extension | Rescued a captive Derelict 21023 | -5/Extension | Lost 4 parts (2p1n1u) 21114 | -5/Extension | Rescued a captive Derelict 21278 | -5/Extension | Rescued A7 21394 | -5/Extension | Spotted B-75 Beast 21411 | -5/Extension | Allies destroyed B-75 Beast 21412 | -5/Extension | Spotted B-75 Beast 21428 | -5/Extension | Allies destroyed B-75 Beast 21549 | -5/Extension | Rescued a captive Derelict 21627 | -5/Extension | Rescued a captive Derelict 21627 | -5/Extension | Rescued a captive Derelict 21710 | -5/Extension | Rescued a captive Derelict 21711 | -5/Extension | Rescued a captive Derelict 21732 | -5/Extension | Discovered new exit (range 10) 21733 | -5/Extension | Discovered new exit (range 6) 21766 | -5/Extension | Entered Cetus 21766 | -5/Cetus | Accompanied by 13 allies (A7) 21771 | -5/Cetus | Acquired a Cetus Manufacturing Module code from A7 21785 | -5/Cetus | Spotted Cetus Guard 21787 | -5/Cetus | Spotted Cetus Guard 21788 | -5/Cetus | Spotted Cetus Guard 21795 | -5/Cetus | Spotted Cetus Guard 21799 | -5/Cetus | Allies destroyed Cetus Guard 21807 | -5/Cetus | Allies destroyed Cetus Guard 21811 | -5/Cetus | Allies destroyed Cetus Guard 21813 | -5/Cetus | Allies destroyed Cetus Guard 21834 | -5/Cetus | System corruption reached 10% 21950 | -5/Cetus | Started Cetus Manufacturing Module 21961 | -5/Cetus | Escorted A7 to Cetus Mainframe 21975 | -5/Cetus | Manufactured an Enhanced Grunt 22000 | -5/Cetus | Manufactured an Enhanced Grunt 22025 | -5/Cetus | Manufactured an Enhanced Grunt 22050 | -5/Cetus | Manufactured an Enhanced Grunt 22075 | -5/Cetus | Manufactured an Enhanced Grunt 22099 | -5/Cetus | Discovered new exit (range 15) 22140 | -5/Cetus | Spotted Cetus Guard 22140 | -5/Cetus | Spotted Cetus Guard 22142 | -5/Cetus | Spotted Cetus Guard 22143 | -5/Cetus | Allies destroyed Cetus Guard 22148 | -5/Cetus | Spotted Cetus Guard 22153 | -5/Cetus | Discovered new exit (range 16) 22155 | -5/Cetus | Allies destroyed Cetus Guard 22157 | -5/Cetus | Allies destroyed Cetus Guard 22166 | -5/Cetus | Allies destroyed Cetus Guard 22168 | -5/Cetus | Met Revision 17 22266 | -5/Cetus | Entered Archives 22266 | -5/Archives | Accompanied by 4 allies (A7) 22271 | -5/Archives | Received a hacking code to weaken MAIN.C 22407 | -5/Archives | Discovered new exit (range 16) 22421 | -5/Archives | Discovered new exit (range 13) 22601 | -5/Archives | Discovered new exit (range 16) 22749 | -5/Archives | Entered Hub_04(d) 22749 | -5/Hub_04(d) | Discovered new exit (range 10) 22832 | -5/Hub_04(d) | Build established: Hacker-Tank 23012 | -5/Hub_04(d) | Identified exit to Factory 23401 | -5/Hub_04(d) | Network Hub disabled 23402 | -5/Hub_04(d) | Core integrity fell below 50% 23411 | -5/Hub_04(d) | Spotted Lightning 23411 | -5/Hub_04(d) | Spotted Lightning 23411 | -5/Hub_04(d) | Spotted Lightning 23446 | -5/Hub_04(d) | Entered Factory 23446 | -4/Factory | Evolved 2 slots: Propulsion x2 23506 | -4/Factory | Fabricated Gravmag Array (x1) 24400 | -4/Factory | Build established: Scavenger-Tank 24423 | -4/Factory | Repaired Centrium Heavy Treads 24533 | -4/Factory | Repaired Centrium Heavy Treads 24633 | -4/Factory | Repaired Adv. KE Penetrator 24743 | -4/Factory | Repaired Centrium Medium Armor Plating 24832 | -4/Factory | Repaired Lgt. Antimatter Reactor 24868 | -4/Factory | System corruption reached 10% 25229 | -4/Factory | First assault squad dispatched 25409 | -4/Factory | Identified exit to Research 26005 | -4/Factory | Lost 3 parts (1n2u) 26065 | -4/Factory | Lost 4 parts (2p2w) 26295 | -4/Factory | Fabricated Gravmag Array (x1) 26304 | -4/Factory | Core integrity fell below 50% 26335 | -4/Factory | Sucked down chute 26335 | -4/Factory | Entered Waste 26335 | -4/Waste | The area was eerily silent 26349 | -4/Waste | Found Unknown Device 26349 | -4/Waste | Identified Adv. Force Booster 26410 | -4/Waste | Discovered new exit (range 12) 26467 | -4/Waste | Entered Factory 26510 | -4/Factory | Discovered new exit (range 8) 26538 | -4/Factory | Found Prototype Processor 26538 | -4/Factory | Identified Exp. Targeting Computer 26636 | -4/Factory | Entered Upper Caves 26679 | -4/Upper Caves | Learned Research non-interactive machine intel 26794 | -4/Upper Caves | Lost 4 parts (1p1n2u) 26812 | -4/Upper Caves | Build established: Hacker-Mutant 26812 | -4/Upper Caves | Learned location of 1 exit from Research 26832 | -4/Upper Caves | Discovered new exit (range 6) 26835 | -4/Upper Caves | Entered another Upper Caves area 26996 | -4/Upper Caves | Spotted B-86 Titan 27047 | -4/Upper Caves | Lost 5 parts (1p2n1u1w) 27051 | -4/Upper Caves | Discovered new exit (range 15) 27058 | -4/Upper Caves | Entered Warlord 27105 | -4/Warlord | System corruption cleaned by Quarantine Array 27107 | -4/Warlord | RIF detected upon attempting to enter Warlord's base 27107 | -4/Warlord | Attacked by Warlord forces 27112 | -4/Warlord | Spotted VT-M7W(B) 27112 | -4/Warlord | Spotted KT-8FI(B) 27135 | -4/Warlord | Discovered new exit (range 9) 27139 | -4/Warlord | Entered Proximity Caves 27164 | -3/Proximity Caves | Core integrity fell below 20% 27199 | -3/Proximity Caves | Spotted B-86 Titan 27263 | -3/Proximity Caves | Destroyed by Y-72 Warden with Quantum Rifle Last Messages --------------- 27113_ Acquired 2 matter. 27116_ System Quarantine Field Array disabled. 27135_ EXIT=FOUND LOCATION=UNKNOWN GOAL=ESCAPE 27141_ Advanced Drone released from Adv. Drone Bay. 27151_ C-30 ARC bursts open, deploying its payload. 27151_ S-43 Plague unfolds itself. 27156_ Advanced Drone retrieved by Adv. Drone Bay. 27162_ >> Lost connection to Advanced Drone. 27162_ Adv. Transmission Jammer destroyed. 27182_ Searching scrap... 27182_ Found Adv. Hardlight Generator. 27182_ Found Power Amplifier. 27182_ Found Unknown Storage. 27182_ Found 16 Matter. 27183_ Acquired 8 matter. 27203_ Penetrated by Slug. 27207_ Knocked back. 27208_ B-86 Titan activates siege mode. Map ----- +----------------------------------------------------+ | ?????????????????????????????????????????????????? | | ?????????????????????????????????????????????????? | | ?????????????????????????????????????????????????? | | ?????????????????????????????????????????????????? | | ?????????????????????????????????????????????????? | | ?????????????????????????????????????????????????? | | ?????????????????????????????????????????????????? | | ?????????????????????????????????????????????????? | | ?????????????????????????????????????????????????? | | ?????????????????????????????????????????????????? | | ?????????????????????????????????????????????????? | | ?????????????????????????????????????????????????? | | ????????###????????##?#??????????????????????????? | | ??????## #????????"l "??????????????????????????? | | ?????## #??????#??b ???????????????????????????? | | ????## #?????? #?? ?????????????#?????????????? | | ???## #?####?? #?? ??????????? #?????????????? | | #### #### ### ### ##????????? #?????????????? | | # #?# # ?Y #??????? #?????????????? | | #### "!% ? ?????? ####??????????? | | ### !%= #?? ?? ????? ???????????? | | # ! #??# #?? ##?? ?????????????? | | ## ##?# #??? ### #???????????????? | | ##### ### ### #??? ##??????????????? | | ##???# #?# ## ##### $ ##?????????????? | | ###### ### @ #?????????????? | | ## #???????????????? | | ## ########### #???????????????? | | ######## #??????????# ##???????????????? | | ##??????## #??????????? ##????????????????? | | ##????????## ##???????????? ##?????????????????? | | ###??????????###??????????????#??????????????????? | | ?????????????????????????????????????????????????? | | ?????????????????????????????????????????????????? | | ?????????????????????????????????????????????????? | | ?????????????????????????????????????????????????? | | ?????????????????????????????????????????????????? | | ?????????????????????????????????????????????????? | | ?????????????????????????????????????????????????? | | ?????????????????????????????????????????????????? | | ?????????????????????????????????????????????????? | | ?????????????????????????????????????????????????? | | ?????????????????????????????????????????????????? | | ?????????????????????????????????????????????????? | | ?????????????????????????????????????????????????? | | ?????????????????????????????????????????????????? | | ?????????????????????????????????????????????????? | | ?????????????????????????????????????????????????? | | ?????????????????????????????????????????????????? | | ?????????????????????????????????????????????????? | +----------------------------------------------------+ Best States ------------- Heat Dissipation 76 Coolant Potential 65 Energy Generation 41 Energy Capacity 565 Matter Stores 300 Matter Capacity 300 Sight Range 16 Terrain Scan Density 10 Jamming Range 16 Additional Mass Support 12 Corruption Block 15 Armor Coverage 1250 Resistance: KI 30 Resistance: TH 15 Resistance: EM 30 Weapon Shielding 66 Phase Shifting 15 Evasion (%) 64 Targeting Accuracy 12 Melee Accuracy 8 Core Analysis 6 Recoil Reduction 6 Matter Filtering 30 Kinecelleration 40 Force Boost 40 Offensive Hacking 42 Defensive Hacking 14 Relay Coupler Types 1 Relay Coupler Value 42 Item Schematics ----------------- Enh. Autogun | -8/Materials | Scanalyzed Machine Analyzer | -8/Materials | Scanalyzed Imp. Weapon Shielding | -8/Materials | Scanalyzed Adv. Powered Armor | -5/Factory | Hacked Gravmag Array | -5/Factory | Scanalyzed Adv. Hacking Suite | -5/Factory | Scanalyzed Adv. System Restoration Module | -5/Factory | Scanalyzed Imp. Terrain Scanner | -5/Factory | Scanalyzed Robot Schematics ------------------ None Fabricated ------------ Enh. Autogun | x1 | -7/Factory Enh. Autogun | x1 | -7/Factory Enh. Autogun | x1 | -7/Factory Imp. Weapon Shielding | x2 | -7/Factory Gravmag Array | x1 | -5/Factory Adv. Powered Armor | x1 | -5/Factory Adv. Powered Armor | x1 | -5/Factory Gravmag Array | x1 | -4/Factory Gravmag Array | x1 | -4/Factory Alien Tech Used ----------------- None Achievements -------------- None Challenges ------------ None Game ------ Seed ControlTargetMeganuke Manual? 0 Play Time 03:07:03 Cumulative 187.8 hours Start 2024.02.08 @ 14:55:12 End 2024.02.09 @ 10:05:18 Sessions 3 Manual Loads 0 Difficulty Rogue Special Mode None Game No. 152 Rogue 152 Adventurer 0 Explorer 0 Win Type - Total 3 Types 3/0/0/0/0/0/0/0/0 Lore% 62 Gallery% 71 Achievement% 60 Wizard Run 0 Options --------- ASCII 0 Keyboard 1 Movement Numpad Keybinds 0 Fullscreen 2 Font 18/SmallcapsGlow Map View 76x50 Tactical HUD 1 Map Filters NONE Filters NONE Steam 1 RUN: d49e589d-9f29-43bf-8b91-bdf3ce067148